 Dungeon Crawl Stone Soup version 0.31-a0-702-gf82c85558f (webtiles) character file.

Game seed: 13861177615730762235

119 qw the Shooter (level 5, 0/32 HPs)
             Began as a Gargoyle Hunter on Sept 7, 2023.
             Slain by an ogre
             ... wielding a +0 giant spiked club
              (32 damage)
             ... on level 4 of the Dungeon.
             The game lasted 00:00:49 (1890 turns).

qw the Shooter (Gargoyle Hunter)                    Turns: 1890, Time: 00:00:49

Health: 0/32       AC:  9    Str: 14    XL:     5   Next: 3%
Magic:  5/5        EV: 10    Int: 10    God:
Gold:   129        SH:  0    Dex: 15    Spells: 4/4 levels left

rFire   . . .        Y - +0 shortbow (flame)
rCold   . . .        (shield currently unavailable)
rNeg    + . .        e - +0 ring mail
rPois   inf          (no helmet)
rElec   +            (no cloak)
rCorr   .            (no gloves)
SInv    +            (no boots)
Will    .....        (no amulet)
Stlth   +            f - ring of see invisible
HPRegen 0.25/turn    (no ring)
MPRegen 0.09/turn

%: no passive effects
@: no status effects
A: sickness immunity, AC +4, negative energy resistance 1, electricity
resistance, torment resistance 1, petrification resistance
a: no special abilities


You were on level 4 of the Dungeon.
You visited 1 branch of the dungeon, and saw 4 of its levels.

You collected 129 gold pieces.


Innate Abilities, Weirdness & Mutations

You are immune to sickness and miasma.
Your stone body is resilient. (AC +4)
You are immune to poison.
You resist negative energy. (rN+)
You are resistant to electric shocks. (rElec)
You are resistant to unholy torment.
You are immune to petrification.


   Skills:
 - Level 3.1 Fighting
 + Level 5.6 Ranged Weapons
 - Level 1.0 Armour
 - Level 1.5 Dodging
 - Level 1.1 Stealth


You had 4 spell levels left.
You didn't know any spells.
Your spell library was empty.

Inventory:

Hand Weapons
 Y - a +0 shortbow of flaming (weapon)
Armour
 e - a +0 ring mail (worn)
Jewellery
 f - a ring of see invisible (left hand)
 g - a ring of fire
Scrolls
 a - a scroll of identify
 i - 2 scrolls of teleportation
Potions
 c - a potion of curing
 j - a potion of mutation

Dungeon Overview and Level Annotations

Branches:
Dungeon (4/15)
 Temple: D:4-7

Altars:

Shops:
D:1 [


Message History

You shoot an arrow.
The arrow hits the iguana but does no damage.
The iguana is heavily wounded.
The dart slug bites you but does no damage.
The iguana bites you!
You shoot an arrow.
The arrow hits the iguana but does no damage.
The iguana is heavily wounded.
The iguana bites you.
The dart slug bites you but does no damage.
You shoot an arrow. The arrow hits the iguana!
The arrow burns the iguana.
You kill the iguana!
The dart slug bites you but does no damage.
You have reached level 5!
You shoot an arrow. The arrow hits the dart slug.
The arrow burns the dart slug.
The dart slug is severely wounded.
You shoot an arrow. The arrow hits the dart slug.
The arrow burns the dart slug.
You kill the dart slug!
1804 ||| STAIRDANCE You climb upwards.
There is a stone staircase leading down here.
You start resting.
HP restored.
What level of the Dungeon? (default 4, ? - help)
You climb downwards.
There is a stone staircase leading up here.
An ogre comes into view. It is wielding a +0 giant spiked club.
The ogre shouts!
You shoot an arrow. The arrow hits the ogre.
The arrow burns the ogre.
The ogre is moderately wounded.
You shoot an arrow. The arrow hits the ogre.
The arrow burns the ogre.
The ogre is moderately wounded.
You shoot an arrow. The arrow closely misses the ogre.
You shoot an arrow. The arrow hits the ogre.
The arrow burns the ogre.
The ogre is heavily wounded.
You shoot an arrow. The arrow hits the ogre.
The arrow burns the ogre.
The ogre is severely wounded.
The ogre hits you with a +0 giant spiked club!!
Ouch! That really hurt!
You die...

......... ...#...#+
........# .......
#..... #...# #O.#
#@# #.# #
.######.#########.#
..................#
#...#######.#....##
## #.#.#### ###...#
##.....##
##.7...7.##


You could see an ogre.

Vanquished Creatures
  An iguana (D:4)
  2 adders (D:2)
  A worm (D:2)
  3 dart slugs
  An orc (D:3)
  2 ball pythons
  3 bats
  11 endoplasms
  2 giant cockroaches
  6 goblins
  10 hobgoblins
  A quokka (D:1)
  7 frilled lizards
  6 kobolds
  2 rats
58 creatures vanquished.

Notes
Turn   | Place    | Note
-------+----------+-------------------------------------------
     0 | D:1      | qw the Gargoyle Hunter began the quest for the Orb.
     0 | D:1      | Reached XP level 1. HP: 12/12 MP: 1/1
     0 | D:1      | 0 ||| qw: Version: 0.3-a-76-g4403597
     0 | D:1      | 0 ||| qw: Game counter: 920
     0 | D:1      | 0 ||| qw: Melee chars always use a shield: true
     0 | D:1      | 0 ||| qw: God list: Okawaru
     0 | D:1      | 0 ||| qw: Allow faded altars: false
     0 | D:1      | 0 ||| qw: Do Orc after clearing Dungeon:15 true
     0 | D:1      | 0 ||| qw: Do second Lair branch before Depths: true
     0 | D:1      | 0 ||| qw: Lair rune preference: random
     0 | D:1      | 0 ||| qw: Goals: Normal
     0 | D:1      | 0 ||| PLANNING D:1-11
   163 | D:1      | Reached XP level 2. HP: 13/17 MP: 2/2
   319 | D:1      | Found Ynedwel's Antique Armour Shop.
   330 | D:1      | 330 ||| SHOPLISTING pair of gloves (90 gold, have 11).
   330 | D:1      | 330 ||| SHOPLISTING pair of glowing boots (150 gold, have
                  | 11).
   377 | D:1      | Reached XP level 3. HP: 21/21 MP: 3/3
   468 | D:1      | Reached skill level 5 in Ranged Weapons
   560 | D:1      | 560 ||| UPGRADING to +0 ring mail.
   570 | D:1      | 570 ||| DROPPING +0 leather armour.
   571 | D:1      | 571 ||| DROPPING +6 ring of intelligence.
   572 | D:1      | 572 ||| READING scroll labelled CIHUSCH RALOMYI.
   573 | D:1      | 573 ||| READING scroll labelled DOECEU PUNUCON.
   574 | D:1      | 574 ||| READING scroll labelled DIFAXA MAOSCH.
   578 | D:1      | 578 ||| READING scroll labelled URHUEX JEILAI.
   579 | D:1      | 579 ||| DROPPING scroll of butterflies.
   959 | D:2      | Reached skill level 1 in Armour
  1078 | D:2      | Reached skill level 3 in Fighting
  1078 | D:2      | Reached XP level 4. HP: 23/28 MP: 4/4
  1284 | D:2      | 1284 ||| READING scroll labelled SOXOGGISAX.
  1285 | D:2      | 1285 ||| READING scroll labelled ZIOHIK MOPTUST.
  1286 | D:2      | 1286 ||| READING 2 scrolls labelled VAOLOME COCS.
  1287 | D:2      | 1287 ||| READING 2 scrolls of identify.
  1287 | D:2      | 1287 ||| IDENTIFYING smoky amethyst potion
  1288 | D:2      | 1288 ||| DROPPING scroll of amnesia.
  1462 | D:3      | 1462 ||| Stepping ~*~*~tactically~*~*~ (outnumbered).
  1598 | D:3      | 1598 ||| Stepping ~*~*~tactically~*~*~ (water).
  1744 | D:3      | 1744 ||| UPGRADING to ring of see invisible.
  1745 | D:3      | 1745 ||| READING scroll labelled POAJEN LATHRICH.
  1766 | D:3      | 1766 ||| DRINKING 2 brown potions.
  1767 | D:3      | 1767 ||| READING 4 scrolls of identify.
  1767 | D:3      | 1767 ||| IDENTIFYING murky orange potion
  1768 | D:3      | 1768 ||| READING 3 scrolls of identify.
  1768 | D:3      | 1768 ||| IDENTIFYING metallic orange potion
  1769 | D:3      | 1769 ||| READING 2 scrolls of identify.
  1769 | D:3      | 1769 ||| IDENTIFYING bubbling brown potion
  1770 | D:3      | 1770 ||| DROPPING potion of attraction.
  1771 | D:3      | 1771 ||| DROPPING potion of magic.
  1772 | D:3      | 1772 ||| DROPPING potion of lignification.
  1802 | D:4      | Reached XP level 5. HP: 15/32 MP: 5/5
  1804 | D:4      | 1804 ||| STAIRDANCE
  1885 | D:4      | Noticed an ogre
  1890 | D:4      | Slain by an ogre

Levels and vault maps discovered:
D:1:      dpeg_arrival_orchard, layout_basic, serial_shops, shop
D:2:      layout_basic
D:3:      layout_rooms, nicolae_overflow_hidden_temple,
          chequers_serial_rivers_micro_c
D:4:      layout_loops_ring, gammafunk_temple_overflow_pools,
          mainiacjoe_overflow_24_doors, mainiacjoe_overflow_cross_hatched,
          kennysheep_decorative_pillar, minmay_misc_feat_alley,
          nicolae_concentric_dashed_squares_mild, grunt_ministairs_2,
          moated_statue, minmay_pentangle

Skill      XL: |  1  2  3 |
---------------+----------+-----
Ranged Weapons | 5 |  5.6
Armour         | 1 |  1.0
Fighting       | 3 |  3.1
Dodging        | |  1.5
Stealth        | |  1.1

Action                     |  1- 3 |  4- 6 || total
---------------------------+-------+-------++-------
   Fire: Shortbow          |   122 |    56 ||   178
    Use: Scroll            |     4 |     8 ||    12
         Potion            |       |     1 ||     1
 Armour: Leather armour    |    21 |       ||    21
         Ring mail         |    13 |    26 ||    39
  Dodge: Dodged            |    36 |     8 ||    44

Table legend:
 A = Non-vault XP
 B = Vault XP
 C = Vault XP percentage of total XP
 D = Non-vault monster count
 E = Vault monster count
 F = Vault count percentage of total count
                 A         B        C        D         E       F
            +---------+---------+-------+---------+---------+-------
      Total |     126 |      44 |  25.9 |      56 |       2 |   3.4
            +---------+---------+-------+---------+---------+-------
        D:1 |      45 |       0 |   0.0 |      25 |       0 |   0.0
        D:2 |      52 |       0 |   0.0 |      15 |       0 |   0.0
        D:3 |      29 |       0 |   0.0 |      16 |       0 |   0.0
        D:4 |       0 |      44 | 100.0 |       0 |       2 | 100.0
            +---------+---------+-------+---------+---------+-------
